 Dungeon Crawl Stone Soup version 0.19.0-11-g3fc08b3 (webtiles) character file.

1853 tomat the Slinger (level 9, -2/54 HPs)
             Began as a Halfling Hunter on Nov 9, 2016.
             Was a Priest of Hepliaklqana.
             Slain by a seven-headed hydra (3 damage)
             ... on level 6 of the Dungeon on Nov 10, 2016.
             The game lasted 00:50:07 (6614 turns).

tomat the Slinger (Halfling Hunter)                 Turns: 6614, Time: 00:50:08

Health: -2/54      AC:  3    Str: 16    XL:     9   Next: 34%
Magic:  9/9        EV: 15    Int:  9    God:    Hepliaklqana [***...]
Gold:   426        SH:  8    Dex: 18    Spells: 0 memorised, 8 levels left

rFire  . . .     SeeInvis .     a - +1 hunting sling
rCold  + . .     Gourm    +     c - +0 leather armour
rNeg   . . .     Faith    .     k - +2 buckler
rPois  .         Spirit   .     (no helmet)
rElec  .         Reflect  .     (no cloak)
rCorr  .         Harm     .     (no gloves)
MR     .....                    (no boots)
Stlth  ++........               E - amulet of the gourmand
                                t - ring of protection from cold
                                d - +3 ring of strength

@: no status effects
A: reduced essence, mutation resistance 1
a: Recall Ancestor, Ancestor Identity, Transference, Renounce Religion


You were on level 6 of the Dungeon.
You worshipped Hepliaklqana.
Hepliaklqana was most pleased with you.
You were very full.

You visited 1 branch of the dungeon, and saw 6 of its levels.
You also visited: Sewer.

You collected 426 gold pieces.

Inventory:

Hand Weapons
 a - a +1 hunting sling (weapon)
 b - a +0 shortbow
 g - a +1 flail of protection
 C - a +0 flail of pain
Missiles
 e - 315 stones (quivered)
 n - 2 tomahawks of returning
 r - 36 arrows
 s - 61 bolts
Armour
 c - a +0 leather armour (worn)
 k - a +2 buckler (worn)
 l - a +0 ring mail
Jewellery
 d - a +3 ring of strength (left hand)
 m - an uncursed ring of flight
 t - a ring of protection from cold (right hand)
 E - an amulet of the gourmand (around neck)
Wands
 D - a wand of slowing (47/48)
Scrolls
 i - 2 scrolls of recharging
 o - 2 scrolls of blinking
 p - a scroll of magic mapping
 q - 3 scrolls of identify
 v - 4 scrolls of teleportation
 y - a scroll of fear {unknown}
 z - a scroll of random uselessness
Potions
 h - a potion of curing
 u - a potion of berserk rage
 x - 2 potions of flight
 A - a potion of resistance
Comestibles
 f - 3 bread rations
 j - 3 meat rations
 w - 8 fruits
 B - a beef jerky


   Skills:
 + Level 5.3 Fighting
 + Level 12.9(13.0) Slings
 + Level 0.4(5.9) Throwing
 + Level 3.2 Armour
 + Level 3.2 Dodging
 + Level 2.6 Stealth
 + Level 2.7 Shields


You had 8 spell levels left.
You didn't know any spells.

Dungeon Overview and Level Annotations

Branches:
Dungeon (6/15)             Temple (0/1) D:5

Altars:
Ashenzari
Fedhas
Hepliaklqana
Sif Muna

Shops:
D:5 (


Innate Abilities, Weirdness & Mutations

You are small and have problems with some larger weapons.
You are somewhat resistant to further mutation.
Your life essence is reduced. (-10% HP)


Message History

2 stones; a leopard gecko corpse
Found a scroll labeled PEORROU QOTTA and 12 stones.
Things that are here:
a shortbow; 19 arrows; 4 stones
Found 16 gold pieces and 18 stones.
Found a robe.
The crimson imp blinks!
The adder barely misses you.
You see here a robe.
The seven-headed hydra bites you! The seven-headed hydra bites you.
The seven-headed hydra misses you. The seven-headed hydra bites you!
The seven-headed hydra barely misses you.
You block the seven-headed hydra's attack.
The seven-headed hydra bites you!
The crimson imp blinks!
The seven-headed hydra bites you but does no damage.
The seven-headed hydra bites you!
* * * LOW HITPOINT WARNING * * *
The seven-headed hydra bites you.
You die...

###..)..####.##..
##........$##.....
#..5........#.##..
##...........#####.
#...≈.....#...# #.
#..$≈.(.).#$..####.
+[≈≈≈≈≈[..#(.)(.##.
#SD(≈.?.?.#%((#....
#.@.≈..§..#().####.
##...........### #.
#.....).....#.###.
##.........##.>...
##..%..####.####
######<.#.#
#....#.# #......#
########


You could see a seven-headed hydra, a crimson imp and an adder.

Vanquished Creatures
  An ogre (D:4)
  A centaur (D:5)
  A big kobold (D:4)
  A bullfrog (D:6)
  A crimson imp (D:5)
  A jelly (D:5)
  An orc priest (D:5)
  A centaur skeleton (D:4)
  A gnoll shaman (D:5)
  3 orc wizards
  Natasha (D:4)
  4 worker ants
  15 gnolls
  5 adders
  5 oozes
  An adder skeleton (D:5)
  4 worms
  A dart slug (D:1)
  7 leopard geckos
  22 orcs
  6 giant cockroaches
  26 goblins
  29 hobgoblins
  14 jackals
  8 kobolds
  A quokka (D:4)
  4 ball pythons
  9 bats
  11 frilled lizards
  4 rats
189 creatures vanquished.

Vanquished Creatures (collateral kills)
  Eustachio (D:4)
  An ogre (D:6)
  2 centaurs
  A big kobold (D:4)
  A crimson imp (D:5)
  An orc wizard (D:5)
  An orc priest (D:4)
  2 iguanas
  Natasha (D:4)
  8 gnolls
  A shadow imp (D:5)
  An ooze (Sewer)
  An adder skeleton (D:4)
  4 worms (Sewer)
  A leopard gecko (Sewer)
  4 orcs
  9 goblins
  4 hobgoblins
  3 jackals
  A quokka (D:5)
  A bat (D:3)
  2 frilled lizards
  A kobold (D:4)
52 creatures vanquished.

Vanquished Creatures (others)
  A knight (D:6)
  An ancestor (D:3)
2 creatures vanquished.

Grand Total: 243 creatures vanquished

Notes
Turn   | Place    | Note
-------+----------+-------------------------------------------
     0 | D:1      | tomat the Halfling Hunter began the quest for the Orb.
     0 | D:1      | Reached XP level 1. HP: 14/14 MP: 1/1
    90 | D:1      | Reached skill level 6 in Slings
   195 | D:1      | Reached XP level 2. HP: 19/19 MP: 2/2
  1083 | D:2      | Reached XP level 3. HP: 13/24 MP: 3/3
  1168 | D:2      | Reached skill level 7 in Slings
  1248 | D:2      | Found a hazy altar of Hepliaklqana.
  1253 | D:2      | Reached XP level 4. HP: 26/29 MP: 4/4
  1270 | D:2      | Became a worshipper of Hepliaklqana the Forgotten
  1836 | D:3      | HP: 1/27 [gnoll/halberd of protection (5)]
  1845 | D:2      | Reached skill level 1 in Armour
  1845 | D:2      | Reached XP level 5. HP: 31/31 MP: 5/5
  1873 | D:3      | Reached skill level 8 in Slings
  2132 | D:3      | Reached * piety under Hepliaklqana
  2244 | D:3      | Found a shattered altar of Ashenzari.
  2373 | D:4      | Reached skill level 1 in Shields
  2405 | D:4      | Reached XP level 6. HP: 36/36 MP: 6/6
  2675 | D:4      | Noticed Eustachio
  2700 | D:4      | Killed Eustachio
  2700 | D:4      | Reached skill level 9 in Slings
  2700 | D:4      | Reached XP level 7. HP: 41/41 MP: 7/7
  2788 | D:4      | Found a glowing drain.
  2867 | D:4      | Found a deep blue altar of Sif Muna.
  2941 | Sewer    | Entered a sewer
  3536 | D:4      | Reached skill level 10 in Slings
  3701 | D:4      | Noticed Natasha
  3732 | D:4      | HP: 1/41 [Natasha/magic dart (5)]
  3734 | D:4      | Killed Natasha
  4212 | D:4      | Reached XP level 8. HP: 36/48 MP: 8/8
  4418 | D:4      | Reached skill level 11 in Slings
  4709 | D:4      | Noticed Natasha
  4714 | D:4      | Killed Natasha
  4894 | D:5      | Entered Level 5 of the Dungeon
  4894 | D:5      | Found a staircase to the Ecumenical Temple.
  5199 | D:5      | Reached skill level 12 in Slings
  5301 | D:5      | Reached ** piety under Hepliaklqana
  5303 | D:5      | Remembered your ancestor Amurritum as a knight
  5480 | D:5      | Reached XP level 9. HP: 25/53 MP: 9/9
  5673 | D:5      | Found a blossoming altar of Fedhas.
  5753 | D:5      | Found Uliklenu's Weapon Shoppe.
  5984 | D:5      | Reached skill level 5 in Fighting
  6542 | D:6      | Reached *** piety under Hepliaklqana
  6542 | D:6      | Noticed a seven-headed hydra
  6614 | D:6      | HP: 1/54 [seven-headed hydra (17)]
  6614 | D:6      | Slain by a seven-headed hydra

Skill      XL: |  1  2  3  4  5  6  7  8  9 |
---------------+----------------------------+-----
Slings         | 6 7 8 9 10 12 | 12.9
Fighting       | 2 3 4 5 |  5.3
Armour         | 1 2 3 |  3.2
Shields        | 1 2 |  2.7
Dodging        | 3 |  3.2
Stealth        | 2 |  2.6
Throwing       | |  0.4

Action                   |  1- 3 |  4- 6 |  7- 9 || total
-------------------------+-------+-------+-------++-------
Melee: Hunting sling     |       |       |     2 ||     2
 Fire: Hunting sling     |    74 |   174 |   466 ||   714
Throw: Stone             |       |    12 |       ||    12
Invok: Ancestor Life: Kn |       |       |     1 ||     1
       Ancestor Identity |       |       |     1 ||     1
 Abil: Evoke Flight      |       |       |     1 ||     1
Evoke: Wand              |       |       |     1 ||     1
  Use: Scroll            |     2 |     3 |     5 ||    10
       Potion            |       |     5 |     2 ||     7
  Eat: Chunk             |     1 |     3 |    26 ||    30
       Pizza             |       |       |     1 ||     1
Armor: Leather armour    |     3 |       |     4 ||     7
       Ring mail         |     4 |    30 |    11 ||    45
Dodge: Dodged            |    10 |    67 |    84 ||   161
Block: Buckler           |     1 |    41 |    60 ||   102
